 Dungeon Crawl Stone Soup version 0.31-a0-848-gaac375c287 (webtiles) character file.

Game seed: 12793835762635773921

81 Schnaeble the Cudgeller (level 4, -1/45 HPs)
             Began as a Troll Fighter on Oct 4, 2023.
             Was an Initiate of Ru.
             Slain by an orc priest
             ... wielding a +0 war axe
              (8 damage)
             ... on level 3 of the Dungeon.
             The game lasted 00:03:11 (1968 turns).

Schnaeble the Cudgeller (Troll Fighter)             Turns: 1968, Time: 00:03:11

Health: -1/45      AC:  6    Str: 26    XL:     4   Next: 19%
Magic:  3/3        EV:  8    Int:  4    God:    Ru [......]
Gold:   132        SH:  7    Dex:  7    Spells: 3/3 levels left

rFire   . . .        a - +0 flail
rCold   . . .        c - +0 kite shield
rNeg    . . .        b - +0 robe
rPois   .            (helmet restricted)
rElec   .            (no cloak)
rCorr   .            (gloves unavailable)
SInv    .            (boots unavailable)
Will    .....        (no amulet)
Stlth   +            (no ring)
HPRegen 1.07/turn    (no ring)
MPRegen 0.08/turn

%: no passive effects
@: no status effects
A: large, unfitting armour, claws 3, regeneration 1, shaggy fur 1, tough skin 1,
iridescent scales 1, clumsy 1
a: Renounce Religion


You were on level 3 of the Dungeon.
You worshipped Ru.
Ru was noncommittal.
You visited 1 branch of the dungeon, and saw 3 of its levels.

You collected 132 gold pieces.

Inventory:

Hand Weapons
 a - a +0 flail (weapon)
Armour
 b - a +0 robe (worn)
 c - a +0 kite shield (worn)
Scrolls
 e - a scroll of poison {unknown}
 f - a scroll of enchant weapon {unknown}
 h - a scroll of vulnerability {unknown}
 i - 5 scrolls of identify {unknown}
 k - 3 scrolls of teleportation {unknown}
 l - a scroll of torment {unknown}
 m - a scroll of blinking {unknown}
 n - a scroll of fog {unknown}
 o - a scroll of enchant armour {unknown}
Potions
 j - a potion of mutation
 p - a potion of resistance {unknown}
 q - a potion of magic {unknown}


   Skills:
 + Level 3.0 Fighting
 * Level 3.5 Maces & Flails
 - Level 2.4 Dodging
 + Level 0.2 Stealth
 - Level 2.6 Shields


You had 3 spell levels left.
You didn't know any spells.
Your spell library contained the following spells:

 Spells                   Type           Power      Damage    Failure   Level
 Confusing Touch          Hex            0%         N/A       98%         3
 Ignite Poison            Fire/Tmut/Pois 0%         N/A       98%         3
 Fulminant Prism          Conj/Hex       0%         3d5       100%        4


Dungeon Overview and Level Annotations

Branches:
Dungeon (3/15)

Altars:
Ru
Vehumet


Innate Abilities, Weirdness & Mutations

You are too large for most types of armour.
You have claws for hands.
Your natural rate of healing is unusually fast.
You are covered in fur. (AC +1)
You have tough skin. (AC +1)
You are partially covered in iridescent scales. (AC +2)
You are clumsy. (Dex -2)


Message History

You hit the orc.
The orc is almost dead.
The orc hits you but does no damage. x2
You hit the orc.
You kill the orc!
You hit the orc.
The orc is lightly wounded.
The orc hits you but does no damage. The orc attacks as it pursues you!
The orc hits you but does no damage. The orc attacks as it pursues you!
You block the orc's attack.
You hit the orc but do no damage.
The orc is lightly wounded.
The orc misses you. You block the orc's attack.
You sock the orc!
You kill the orc!
The orc hits you with a +0 dagger.
You hit the orc.
The orc is lightly wounded.
The orc barely misses you.
You thump the orc!
You kill the orc!
The orc hits you but does no damage.
Your Fighting skill increases to level 3!
You hit the orc.
The orc is heavily wounded.
The orc hits you but does no damage.
You sock the orc!
You kill the orc!
The orc priest calls down the wrath of Beogh upon you.
Beogh smites you!
You closely miss the orc priest.
The orc priest hits you with a +0 war axe!
You hit the orc priest but do no damage.
The orc priest hits you with a +0 war axe!
You barely miss the orc priest.
The orc priest calls down the wrath of Beogh upon you.
Beogh smites you!
* * * LOW HITPOINT WARNING * * *
The orc priest hits you with a +0 war axe!
You die...

#.# #...... ...
########## #.#
#......... #.#
#.##.....# #)#
#.##.###.# #.#
#.##.†.... #.#
#.######.# #o#
#........# ####@#
############## #....#
..........†...
##.##################
#...................
#.##################
###


You could see an orc priest.

Vanquished Creatures
  Terence (D:2)
  An adder (D:3)
  4 orcs (D:3)
  3 ball pythons (D:2)
  4 bats
  5 endoplasms
  4 goblins
  2 jackals (D:2)
  5 kobolds
  2 frilled lizards (D:1)
  7 rats
38 creatures vanquished.

Notes
Turn   | Place    | Note
-------+----------+-------------------------------------------
     0 | D:1      | Schnaeble the Troll Fighter began the quest for the Orb.
     0 | D:1      | Reached XP level 1. HP: 22/22 MP: 0/0
    55 | D:1      | Found a faded altar of an unknown god.
    96 | D:1      | Got a yellowed book
   238 | D:1      | Reached XP level 2. HP: 26/29 MP: 1/1
   848 | D:1      | Prayed at the altar of an unknown god.
   848 | D:1      | Became a worshipper of Vehumet
   848 | D:1      | Reached * piety under Vehumet
   848 | D:1      | Offered knowledge of Freeze by Vehumet.
   850 | D:1      | Fell from the grace of Vehumet
  1439 | D:2      | Found a sacrificial altar of Ru.
  1450 | D:2      | Reached XP level 3. HP: 35/36 MP: 2/2
  1454 | D:2      | Became a worshipper of Ru the Awakened
  1709 | D:2      | Noticed Terence
  1720 | D:2      | Killed Terence
  1803 | D:3      | Gained mutation: You are clumsy. (Dex -2) [potion of
                  | mutation]
  1803 | D:3      | Gained mutation: You are partially covered in iridescent
                  | scales. (AC +2) [potion of mutation]
  1806 | D:3      | Reached XP level 4. HP: 25/44 MP: 3/3
  1968 | D:3      | Slain by an orc priest

Illustrated notes

Levels and vault maps discovered:
D:1:      tarquinn_simple_flora_water_f, layout_basic,
          nicolae_ecumenical_lake_church
D:2:      layout_basic, basic_altar, uniq_terence
D:3:      layout_basic, mainiacjoe_overflow_24_doors, serial_corexii_hall,
          chequers_hall_statues_wall_a, chequers_hall_statues_y, st_stairs_14

Skill      XL: |  1  2  3  4 |
---------------+-------------+-----
Maces & Flails | 2 3 |  3.5
Fighting       | 3 |  3.0
Dodging        | |  2.4
Stealth        | |  0.2
Shields        | |  2.6

Action                     |  1- 3 |  4- 6 || total
---------------------------+-------+-------++-------
  Melee: Flail             |    99 |    22 ||   121
 Invoke: Renounce Religion |     1 |       ||     1
    Use: Potion            |     3 |       ||     3
   Stab: Sleeping          |     1 |       ||     1
 Armour: Robe              |    70 |    18 ||    88
  Dodge: Dodged            |    42 |     5 ||    47
  Block: Kite shield       |    49 |     4 ||    53

Table legend: (Time is in decaauts)
 A = Elapsed time spent in this place.
 B = Non-inter-level travel time spent in this place.
 C = Inter-level travel time spent in this place.
 D = Time resting spent in this place.
 E = Time spent auto-exploring this place.
 F = Levels seen in this place.
 G = Mean time per level.
                   A        B        C        D        E       F      G
               +--------+--------+--------+--------+--------+-----+--------+
         Total |   2013 |   1957 |     56 |      0 |   1597 |   3 |  671.0 |
       Dungeon |   2013 |   1957 |     56 |      0 |   1597 |   3 |  671.0 |
               +--------+--------+--------+--------+--------+-----+--------+

Top non-repeatable levels by time:
     D:2: 921 daAuts
     D:1: 887 daAuts
     D:3: 205 daAuts
